 Dungeon Crawl Stone Soup version 0.31-b1-22-gc680215f68 (webtiles) character file.

Game seed: 12837486213947061784

826 Aldia the Chiller (level 7, -3/57 HPs)
             Began as a Demigod Ice Elementalist on Jan 19, 2024.
             Engulfed by a cloud of steam (14 damage)
             ... on level 4 of the Dungeon.
             The game lasted 00:07:22 (3703 turns).

Aldia the Chiller (Demigod Ice Elementalist)        Turns: 3703, Time: 00:07:23

Health: -3/57      AC: 10    Str:  9    XL:     7   Next: 37%
Magic:  7/15       EV: 13    Int: 25    God:
Gold:   876        SH:  0    Dex: 20    Spells: 3/13 levels left

rFire   . . .        h - +6 spear
rCold   . . .        (no shield)
rNeg    . . .        a - +0 robe
rPois   .            (no helmet)
rElec   .            (no cloak)
rCorr   .            (no gloves)
SInv    .            j - +0 pair of boots
Will    .....        g - amulet of magic regeneration
Stlth   ++           k - ring of flight
HPRegen 0.29/turn    r - +6 ring of dexterity
MPRegen 0.54/turn

%: no passive effects
@: ice-armoured, freezing walls, flying
A: high MP 1, forlorn, divine attributes
a: no special abilities


You were on level 4 of the Dungeon.
You visited 1 branch of the dungeon, and saw 6 of its levels.

You collected 876 gold pieces.

Inventory:

Hand Weapons
 d - a +0 whip
 f - a +0 short sword
 h - a +6 spear (weapon)
Armour
 a - a +0 robe (worn)
 j - a +0 pair of boots (worn)
Magical Staves
 p - a staff of conjuration
Jewellery
 g - an amulet of magic regeneration (around neck)
 k - a ring of flight (left hand)
 r - a +6 ring of dexterity (right hand)
Scrolls
 c - 3 scrolls of fear
 e - a scroll of identify
 i - 3 scrolls of amnesia
 l - a scroll of poison {unknown}
Potions
 b - 2 potions of magic
 m - a potion of lignification
 o - a potion of haste


   Skills:
 + Level 3.3 Fighting
 - Level 3.2 Dodging
 - Level 1.7 Stealth
 + Level 3.5 Spellcasting
 + Level 1.8 Summonings
 * Level 6.2 Ice Magic


You had 3 spell levels left.
You knew the following spells:

 Your Spells              Type           Power      Damage    Failure   Level
a - Freeze                Ice            100%       1d10      1%          1
b - Frozen Ramparts       Ice            70%        1d11      2%          3
c - Ozocubu's Armour      Ice            35%        N/A       2%          3
d - Summon Ice Beast      Ice/Summ       24%        N/A       5%          3

Your spell library contained the following spells:

 Spells                   Type           Power      Damage    Failure   Level
 Magic Dart               Conj           16%        1d3       10%         1
 Searing Ray              Conj           8%         2d4       14%         2
 Fulminant Prism          Conj/Alch      2%         3d5       67%         4


Dungeon Overview and Level Annotations

Branches:
Dungeon (6/15)
 Temple: D:4-7

Shops:
D:1 :


Innate Abilities, Weirdness & Mutations

You have an increased reservoir of magic. (+10% MP)
You shall have no god before yourself.
Your divine heritage dramatically boosts your attributes as you level up.


Message History

Okay, then.
Casting: Freeze (safe; 1% risk of failure)
Confirm with . or Enter, or press ? or * to list all spells.
Casting: Frozen Ramparts (dangerous; 2% risk of failure)
Press: ? - help, Dir - look around, f - activate
There is a cloud of steam here.
The walls around you are covered in ice.
You are engulfed in a cloud of scalding steam.
* * * LOW HITPOINT WARNING * * *
The wall freezes the steam dragon.
The steam dragon bites you but does no damage.
The steam dragon closely misses you.
Unknown command.
Casting: Frozen Ramparts (dangerous; 2% risk of failure)
Confirm with . or Enter, or press ? or * to list all spells.
A film of ice covers your body!
The wall freezes the steam dragon!
The steam dragon misses you. x2
You are too injured to fight recklessly!
Casting: Ozocubu's Armour (dangerous; 2% risk of failure)
Confirm with . or Enter, or press ? or * to list all spells.
Aiming: Freeze (safe; 1% risk of failure)
Press: ? - help, Shift-Dir - straight line, f - steam dragon
Aim: a steam dragon (severely wounded)
You freeze the steam dragon.
The steam dragon is almost dead.
The wall freezes the steam dragon.
The steam dragon breathes steam at you. The ball of steam misses you.
Unknown command.
Unknown command.
Unknown command.
Casting: Freeze (safe; 1% risk of failure)
Confirm with . or Enter, or press ? or * to list all spells.
Aiming: Freeze (safe; 1% risk of failure)
Press: ? - help, Shift-Dir - straight line, f/p - steam dragon
Aim: a steam dragon (almost dead, catching its breath)
You freeze the steam dragon.
You kill the steam dragon!
You are engulfed in a cloud of scalding steam.
You die...

#+## ...# .<.#
#+##### ...#
....... ...#
....... ...#
....... ...# #
....... ...#
#.###.......
#.....
#..@ยงยง).....
######
#####.......
#######


There were no monsters in sight!

Vanquished Creatures
  A gargoyle (D:5)
  Sigmund (D:3)
  A steam dragon (D:4)
  A black bear (D:3)
  A scorpion (D:5)
  An orc priest (D:5)
  A gnoll bouda (D:3)
  An iguana (D:5)
  An orc wizard (D:5)
  4 adders
  3 gnolls (D:3)
  A dart slug (D:1)
  2 ribbon worms
  5 orcs
  6 ball pythons
  6 endoplasms
  2 giant cockroaches (D:1)
  5 goblins
  6 hobgoblins
  7 kobolds
  A quokka (D:2)
  2 bats
  2 rats (D:2)
61 creatures vanquished.

Vanquished Creatures (others)
  An orc (D:4)
1 creature vanquished.

Grand Total: 62 creatures vanquished

Notes
Turn   | Place    | Note
-------+----------+-------------------------------------------
     0 | D:1      | Aldia the Demigod Ice Elementalist began the quest for the
                  | Orb.
     0 | D:1      | Reached XP level 1. HP: 14/14 MP: 5/5
   399 | D:1      | Reached XP level 2. HP: 20/22 MP: 5/7
   439 | D:1      | Found Cavoesue's Book Shoppe.
  1061 | D:2      | Reached skill level 4 in Ice Magic
  1258 | D:2      | Reached skill level 1 in Fighting
  1258 | D:2      | Reached XP level 3. HP: 28/28 MP: 6/8
  1262 | D:2      | Learned a level 3 spell: Frozen Ramparts
  2167 | D:3      | Reached XP level 4. HP: 19/35 MP: 1/10
  2261 | D:3      | Noticed a black bear
  2266 | D:3      | Killed a black bear
  2267 | D:3      | Reached XP level 5. HP: 35/41 MP: 4/11
  2611 | D:3      | Noticed Sigmund
  2631 | D:3      | Killed Sigmund
  2632 | D:3      | Reached skill level 5 in Ice Magic
  2632 | D:3      | Reached XP level 6. HP: 5/50 MP: 10/13
  2642 | D:3      | Learned a level 3 spell: Ozocubu's Armour
  2646 | D:3      | Learned a level 3 spell: Summon Ice Beast
  3337 | D:4      | Identified a scroll of acquirement
  3337 | D:4      | Acquired 664 gold pieces
  3344 | D:4      | You are sucked into a shaft and drop 2 floors!
  3428 | D:5      | Entered Level 5 of the Dungeon
  3486 | D:5      | Noticed a gargoyle
  3496 | D:5      | Killed a gargoyle
  3497 | D:5      | Reached skill level 1 in Summonings
  3497 | D:5      | Reached skill level 6 in Ice Magic
  3497 | D:5      | Reached XP level 7. HP: 38/57 MP: 6/15
  3694 | D:4      | Noticed a steam dragon
  3703 | D:4      | Killed a steam dragon
  3703 | D:4      | Engulfed by a cloud of steam

Illustrated notes

Levels and vault maps discovered:
D:1:      mrwooster_arrival_statue, layout_basic, serial_shops, shop
D:2:      layout_basic
D:3:      layout_basic, chequers_temple_overflow_statue_of_worship,
          yredelemnul_altar_generic, uniq_sigmund
D:4:      kennysheep_goblin_castle, layout_basic, chequers_garden
D:5:      layout_gridville, minmay_temple_entry_fiery, nicolae_take_the_stairs
D:6:      layout_basic

Skill      XL: |  1  2  3  4  5  6 |
---------------+-------------------+-----
Dodging        | 2 3 |  3.2
Spellcasting   | 2 3 |  3.5
Ice Magic      | 4 5 6 |  6.2
Fighting       | 1 2 3 |  3.3
Summonings     | 1 |  1.8
Stealth        | |  1.7

Action                     |  1- 3 |  4- 6 |  7- 9 || total
---------------------------+-------+-------+-------++-------
  Melee: Whip              |     2 |       |       ||     2
         Spear             |    30 |    29 |     3 ||    62
         Short sword       |     1 |       |       ||     1
   Cast: Freeze            |    47 |    32 |     7 ||    86
         Frozen Ramparts   |     1 |     1 |     1 ||     3
         Ozocubu's Armour  |       |       |     1 ||     1
    Use: Scroll            |     2 |     5 |       ||     7
         Potion            |       |     1 |       ||     1
   Stab: Sleeping          |     5 |     1 |     1 ||     7
 Armour: Robe              |    45 |    27 |    10 ||    82
  Dodge: Dodged            |    35 |    21 |     7 ||    63
